Workbook
Name DateProjet: 'Planning Gantt'!#REF!
Name DateProjet: [1]Gantt!#REF!
Name ouinon: [2]Table!$D$1:$D$2
Name semaine: [2]Table!$A$1:$B$7

Sheet Chrono
B2: BAOBAB
C4: INITIATIVE | E4: EXECUTION | G4: DATE | H4: COMMENTAIRES | I4: OBSERVATIONS | J4: ARCHIVAGE SUIVANT NOMENCLATURE CLASSEMENT | K4: DEMARCHE QUALITE
B5: Libellé Action | C5: RO | D5: ASS | E5: RO | F5: ASS
B6: Etablissement du programme de Maîtrise d'Oeuvre
B7: Dossier foncier complet récupéré (topo, bornage complet sans carence, CPV) | C7: x | E7: x | G7: 44013
A8: x | B8: Lancement consultation Maîtrise d’Oeuvre | C8: x | F8: x | G8: 44022 | I8: le dossier est créé par le RO puis compilé par l'assistante qui le transmet aux MOE consultés Assistante s'assure que chaque candidat a bien reçu les documents | J8: x
A9: x | B9: Date limite : Remise des candidatures | C9: x | F9: x | G9: 44046 | I9: le RO détermine la date en fonction des délais règlementaires Assistante préparer les étiquettes, et récupère les plis à l'accueil | K9: PRC 06-03-15
A10: x | B10: Désignation du lauréat | C10: x | E10: x | G10: 44049 | I10: analyse de fond réalisée par le RO / assistante compile le Rapport d'analyse des offres (RPAO) | J10: x
A11: x | B11: Notification du marché au lauréat | C11: x | F11: x | G11: 44084 | I11: assistante met le RPAO + courrier rejet + courrier retenue + marché MOE à la signature DG | J11: x
B12: Esquisse
A13: x | B13: OS Etudes Esquisse | C13: x | F13: x | G13: 44103 | I13: archiver quand le MOE l'a signé | J13: x | K13: PRC 06-05-17
B14: Réunion de lancement ESQ avec Mairie | C14: x | F14: x | G14: 44154 | I14: diffuser le CR aux personnes présentes et invitées | J14: x
A15: x | B15: Réception Etudes Esquisse | D15: x | F15: x | G15: 44302 | I15: le RO doit informer l'assistante de l'arrivée du dossier | J15: x
A16: x | B16: DICT Réseau | C16: x | F16: x | G16: 44111 | I16: RO complète le site internet, assistante envoit les formulaires et fait le suivi | J16: x
A17: x | B17: Réunion de Présentation Esquisse interne | C17: x | F17: x | G17: 44154 | I17: Présentation ESQ par MOE au RO, NBL, SGM, DGL, Responsable activité économique (si commerces en pied d'immeuble), foncier, puis CR à diffuser aux personnes présentes et invitées / archiver suivant nomenclature classement - assistante lance les invitations OUTLOOK | J17: x
A18: x | B18: Réunion de Présentation Esquisse avec Mairie | C18: x | F18: x | G18: 44305 | I18: Présentation ESQ par MOE au RO, NBL, SGM, DGL, foncier, Mairie puis CR à diffuser aux personnes présentes et invitées / archiver suivant nomenclature classement | J18: x
B19: Présentation ESQ aux architectes conseil de la DEAL | C19: x | E19: x | G19: 44308
A20: x | B20: Revue de projet | C20: x | F20: x | G20: SO | I20: PPT complété par assistante | J20: x | K20: ENR 06-08-16
A21: x | B21: Validation Etudes Esquisse + Rapport d'analyse | C21: x | E21: x | G21: 44368 | I21: date correspond à l'envoi du rapport de validation au MOE | K21: PRC 06-06-17 ENR 06-09-17
A22: x | B22: Note de présentation phase ESQ | D22: x | F22: x | G22: 44368 | J22: x | K22: ENR 05A-04-15 Fiche présentation Op
B23: Désignation du Contrôleur technique
A24: x | B24: Consultation et Désignation du Contrôleur technique | C24: x | F24: x | G24: 44351 | I24: consultation et analyse faite par assistante | J24: x
A25: x | B25: Notification du Marché CT au lauréat | D25: x | F25: x | G25: 44375 | J25: x
B26: Désignation du BE Etude de sols
A27: x | B27: Consultation et Désignation du BE Etude de sols | C27: x | F27: x | G27: 44370 | I27: consultation faite et suivie par assistante / avoir le cahier des charges techniques du MOE / analyse faite par le RO + MOE | J27: x
A28: x | B28: Etude de sol | D28: x | F28: x | G28: 44530 | I28: relance à faire par Assistante aux entreprises consultées si pas de retour dans les délais | J28: x
A29: x | B29: Transmission Etude de sol au Contrôleur technique | D29: x | F29: x | G29: 44536 | I29: garder une trace de la transmission
A30: x | B30: Transmission Etude de sol à l'Architecte | D30: x | F30: x | G30: 44530 | I30: garder une trace de la transmission
B31: Désignation du Coordonnateur SPS
A32: x | B32: Consultation et Désignation du Coordonnateur SPS | C32: x | F32: x | G32: 44351 | I32: consultation faite par assistante, analyse faite par RO, mise en forme par assistante | J32: x
A33: x | B33: Notification du Marché SPS au lauréat | D33: x | F33: x | G33: 44396 | J33: x
B34: Avant Projet Sommaire
A35: x | B35: OS Etudes APS | C35: x | F35: x | G35: 44369 | I35: archiver quand le MOE l'a signé | J35: x | K35: PRC 06-05-17
A36: x | B36: Réception Etudes APS | D36: x | F36: x | G36: 44407 | I36: le RO doit informer l'assistante de l'arrivée du dossier | J36: x
A37: x | B37: Numérotation des logements | C37: x | E37: x | I37: se fait avec la DGL / actualiser la typologie sur Fiche Pgr/ garder une trace numérique de la numérotation | J37: x
A38: x | B38: Remise du rapport CT APS (à diffuser au MOE) | D38: x | F38: x | G38: 44417 | I38: dès réception de l'APS, Assistante transmet le dossier au CT par BE avec une date limite, et relance à faire passé cette date limite | J38: x | K38: PRC 06-07-15
A39: x | B39: Remise du rapport SPS APS (à diffuser au MOE) | D39: x | F39: x | G39: 44417 | I39: dès réception de l'APS, Assistante transmet le dossier au SPS par BE avec une date limite, et relance passé cette date limite | J39: x | K39: PRC 06-07-15
A40: x | B40: Réunion de présentation / validation Etudes APS | C40: x | E40: x | G40: 44425 | H40: Première réunion présentation : 17/08/21 | I40: Présentation APS par MOE au RO, NBL, SGM, DGL, Responsable activité économique (si commerces en pied d'immeuble), foncier (si nécessaire), puis CR à diffuser aux personnes présentes et invitées / archiver suivant nomenclature classement - assistante lance les invitations OUTLOOK
B41: Discussion sur le projet de PIC | C41: x | E41: x
B42: Discussions sur les rétrocessions de voirie avec la collectivité | C42: x | E42: x
A43: x | B43: Validation Etudes APS & Rapport de validation | C43: x | E43: x | I43: date correspond à l'envoi du rapport de validation au MOE | J43: x | K43: PRC 06-06-17 ENR 06-10-17
B44: Permis de construire
A45: x | B45: Envoi de la déclaration préalable | D45: x | F45: x | I45: à récupérer auprès du SPS | J45: x
A46: x | B46: Dépôt du dossier PC en Mairie | C46: x | E46: x | I46: archiver le récepissé de dépôt du PC | J46: x
A47: x | B47: Demande de pièces complémentaires | C47: x | E47: x | I47: attention à la date limite de complétude : à suivre par le RO
A48: x | B48: Obtention de l’arrêté de PC + avis | C48: x | F48: x | I48: archivage à faire / assistante remplit le tableau de suivi PC | J48: x
A49: x | B49: Arrêté PC + avis | D49: x | F49: x | J49: x
A50: x | B50: Envoi d'une copie du dossier PC complet validé à l'Architecte | D50: x | F50: x | I50: archiver le BE d'envoi | J50: x
A51: x | B51: Envoi d'une copie de l'arrêté PC validé et des avis au CT | D51: x | F51: x | I51: archiver le BE d'envoi | J51: x
A52: x | B52: Date de péremption du PC | C52: x | E52: x | I52: se mettre une alerte sur Outlook pour faire la demande de prorogation dans les délais
A53: x | B53: Constat d’Affichage n°1 par Huissier sur site et Mairie | D53: x | F53: x | I53: anticiper sur la commande du panneau d'affichage à archiver suivant nomenclature classement | J53: x
A54: x | B54: Constat d’Affichage n°2 par Huissier sur site | D54: x | F54: x | I54: à archiver suivant nomenclature classement | J54: x
A55: x | B55: Constat d’Affichage n°3 par Huissier sur site | D55: x | F55: x | I55: à archiver suivant nomenclature classement | J55: x
A56: x | B56: Demande adresse postale selon numéro SODEGIS | D56: x | F56: x | J56: x
A57: x | B57: Attestation de non recours du TA | D57: x | F57: x | J57: x
A58: x | B58: Attestation de non recours délivré par la Mairie | D58: x | F58: x | J58: x
B59: Gestion des riverains
B60: Convention pour gestion des clôtures mitoyennes | C60: x | E60: x | I60: convention de ce que SODEGIS fait ou pas en accord avec les riverains, à mettre en place après purge du PC | J60: x
B61: Convention si présence d'une zone ANC (perte de valeur du bien du riverain) | C61: x | E61: x | J61: x
B62: Avant Projet Détaillé
A63: x | B63: OS Etudes APD | C63: x | F63: x | I63: archiver quand le MOE l'a signé | J63: x | K63: PRC 06-05-17
A64: x | B64: Réception Etudes APD | D64: x | F64: x | I64: le RO doit informer l'assistante de l'arrivée du dossier | J64: x
A65: x | B65: Remise du rapport CT APD (à diffuser au MOE) | D65: x | F65: x | I65: dès réception de l'APD, Assistante transmet le dossier au CT par BE avec une date limite, et relance à faire passé cette date limite (après contrôle de la complétude du dossier par RO) | J65: x | K65: PRC 06-07-15
A66: x | B66: Remise du rapport SPS APD (à diffuser au MOE) | D66: x | F66: x | I66: dès réception de l'APD, Assistante transmet le dossier au CT par BE avec une date limite, et relance à faire passé cette date limite (après contrôle de la complétude du dossier par RO) | K66: PRC 06-07-15
A67: x | B67: Réunion de présentation Etudes APD | C67: x | E67: x | I67: Présentation APS par MOE au RO, NBL, SGM, Responsable activité économique (si commerces en pied d'immeuble), foncier (si nécessaire), puis CR à diffuser aux personnes présentes et invitées / archiver suivant nomenclature classement - assistante lance les invitations OUTLOOK
A68: x | B68: Validation Etudes APD & Rapport validation APD | C68: x | E68: x | I68: date correspond à l'envoi du rapport de validation au MOE | J68: x | K68: PRC 06-06-17 ENR-06-12-17
A69: x | B69: Avenant architecte de fixation du coût d'objectif définitif | C69: x | E69: x | I69: à archiver suivant nomenclature classement | J69: x
B70: Financement LBU
A71: x | B71: Validation du PR/PF par le CA | C71: x | E71: x
A72: x | B72: Dépôt du Dossier de Financement Subvention | C72: x | F72: x | I72: Assistante préparer le dossier qui est contrôlé par le RO, le fait déposer chez tireur de plans archiver le BE d'envoi | J72: x
A73: x | B73: Arrêté de financement | D73: x | F73: x | I73: transmettre une copie à la chargée d'appel de fonds | J73: x
B74: Désignation du Coordinateur OPC
A75: x | B75: Consultation & Désignation du Coordinateur OPC | C75: x | F75: x | I75: consultation faite par l'Assistante, analyse faite par RO, mise en forme par assistante | J75: x
A76: x | B76: Notification du Marché OPC | D76: x | F76: x | I76: à archiver suivant nomenclature classement | J76: x
B77: Sollicitation des concessionnaires après obtention PC
A78: x | B78: Demande de raccordement Electricité (EDF et SIDELEC) | C78: x | F78: x | J78: x
A79: x | B79: Demande de raccordement Téléphone logements et ascenseur | C79: x | F79: x | J79: x
B80: Demande de renforcement du réseau EU | C80: x | F80: x
A81: x | B81: Demande de renforcement Eau Potable | C81: x | F81: x | J81: x
A82: x | B82: Validation du principe de ramassage des Ordures ménagères | C82: x | F82: x | J82: x
A83: x | B83: Demande de rétrocession des voiries | C83: x | F83: x | J83: x
A84: x | B84: Obtention du certificat d'adressage | D84: x | F84: x | J84: x
B85: PRO
A86: x | B86: OS Etudes PRO | C86: x | F86: x | I86: archiver quand le MOE l'a signé | J86: x | K86: PRC 06-05-17
A87: x | B87: Réception Etudes PRO | D87: x | F87: x | I87: le RO doit informer l'assistante de l'arrivée du dossier | J87: x
B88: Ttransmission du PRO à OPC pour établissement du planning prévisionnel | D88: x | F88: x | I88: dès réception du PRO, Assistante transmet le dossier au CT par BE avec une date limite, et relance à faire passé cette date limite | J88: x
A89: x | B89: Remise du rapport CT PRO (à diffuser au MOE) | D89: x | F89: x | I89: dès réception du PRO, Assistante transmet le dossier au CT par BE avec une date limite, et relance à faire passé cette date limite | J89: x | K89: PRC 06-07-15
A90: x | B90: Remise du rapport SPS PRO (à diffuser au MOE) | D90: x | F90: x | I90: dès réception du PRO, Assistante transmet le dossier au SPS par BE avec une date limite, et relance à faire passé cette date limite | J90: x | K90: PRC 06-07-15
A91: x | B91: Réunion de présentation Etudes PRO | C91: x | E91: x | I91: Présentation APS par MOE au RO, NBL, SGM, Responsable activité économique (si commerces en pied d'immeuble), foncier (si nécessaire), puis CR à diffuser aux personnes présentes et invitées / archiver suivant nomenclature classement - assistante lance les invitations OUTLOOK
A92: x | B92: Rapport validation PRO | C92: x | E92: x | J92: x | K92: PRC 06-06-17 ENR-06-12-17
B93: Missionner un géomètre pour réalisation d'un Etat Descriptif de Division (si local commercial en pied d'immeuble)
A94: x | B94: Convention de raccordement FT transmise au MOE | D94: x | F94: x | J94: x
B95: DCE
A96: x | B96: OS du DCE | C96: x | F96: x | I96: archiver quand le MOE l'a signé | J96: x | K96: PRC 06-05-17
A97: x | B97: Réception du DCE | D97: x | F97: x | I97: le RO doit informer l'assistante de l'arrivée du dossier | J97: x
B98: Ttransmission du PRO à OPC pour établissement du planning prévisionnel | D98: x | F98: x | I98: dès réception du PRO, Assistante transmet le dossier au CT par BE avec une date limite, et relance à faire passé cette date limite | J98: x
A99: x | B99: Remise du rapport CT DCE (à diffuser au MOE) | D99: x | F99: x | I99: dès réception du DCE, Assistante transmet le dossier au CT par BE avec une date limite, et relance à faire passé cette date limite | K99: PRC 06-07-15
A100: x | B100: Remise du rapport SPS DCE (à diffuser au MOE) | D100: x | F100: x | I100: dès réception du DCE, Assistante transmet le dossier au SPS par BE avec une date limite, et relance à faire passé cette date limite | K100: PRC 06-07-15
A101: x | B101: Réunion de présentation Etudes DCE | C101: x | E101: x | I101: Présentation APS par MOE au RO, NBL, SGM, Responsable activité économique (si commerces en pied d'immeuble), foncier (si nécessaire), puis CR à diffuser aux personnes présentes et invitées / archiver suivant nomenclature classement - assistante lance les invitations OUTLOOK
A102: x | B102: Rapport validation DCE | C102: x | E102: x | J102: x | K102: PRC 06-06-17 ENR-06-12-17
...

Sheet Planning Gantt
A1: OPERATION | B1: =Chrono!B2 -> BAOBAB
A2: ANNE DE PROGRAMMATION | B2: 2022
A4: ETAPE | B4: DEBUT | C4: DUREE PREVISIONNELLE | D4: DUREE RELLE | E4: FIN | F4: REALISE
A5: PROGRAMME | B5: =B6 -> 44013 | C5: =E5-B5 -> 71 | E5: =E7 -> 44084
A6: Lancement consultation MOE | B6: =Chrono!G7 -> 44013 | C6: 15 | D6: =E6-B6 -> 9 | E6: =IF(F6<>"",Chrono!G8,B6+C6) -> 44022 | F6: =IF(Chrono!G8<>"","x","") -> x
A7: Notification marché MOE | B7: =E6 -> 44022 | C7: 35 | D7: =E7-B7 -> 62 | E7: =IF(F7<>"",Chrono!G11,B7+C7) -> 44084 | F7: =IF(Chrono!G11<>"","x","") -> x
A8: PHASE ESQ | B8: =B9 -> 44084 | C8: =E8-B8 -> 284 | E8: =E11 -> 44368
A9: Rendu ESQ | B9: =E7 -> 44084 | C9: 30 | D9: =E9-B9 -> 218 | E9: =IF(F9<>"",Chrono!G15,B9+C9) -> 44302 | F9: =IF(Chrono!G15<>"","x","") -> x
A10: Archi Conseil DEAL | B10: =E9 -> 44302 | C10: 15 | D10: =E10-B10 -> 6 | E10: =IF(F10<>"",Chrono!G19,B10+C10) -> 44308 | F10: =IF(Chrono!G19<>"","x","") -> x
A11: Validation ESQ | B11: =E10 -> 44308 | C11: 30 | D11: =E11-B11 -> 60 | E11: =IF(F11<>"",Chrono!G21,B11+C11) -> 44368 | F11: =IF(Chrono!G21<>"","x","") -> x
A12: PHASE APS | B12: =B13 -> 44368 | C12: =E12-B12 -> 69 | E12: =E14 -> 44437
A13: Rendu APS | B13: =E11 -> 44368 | C13: 30 | D13: =E13-B13 -> 39 | E13: =IF(F13<>"",Chrono!G36,B13+C13) -> 44407 | F13: =IF(Chrono!G36<>"","x","") -> x
A14: Validation APS | B14: =E13 -> 44407 | C14: 30 | D14: =E14-B14 -> 30 | E14: =IF(F14<>"",Chrono!G43,B14+C14) -> 44437 | F14: =IF(Chrono!G43<>"","x","")
A15: PHASE PC | B15: =B16 -> 44437 | C15: =E15-B15 -> 180 | E15: =E18 -> 44617
A16: Dépôt demande PC | B16: =E14 -> 44437 | C16: 30 | D16: =E16-B16 -> 30 | E16: =IF(F16<>"",Chrono!G46,B16+C16) -> 44467 | F16: =IF(Chrono!G46<>"","x","")
A17: Date limite dépôt PC | B17: =DATE(B2-1,9,30) -> 44469 | C17: 1 | D17: =E17-B17 -> 0 | E17: =DATE(B2-1,9,30) -> 44469
A18: Obtention PC | B18: =E16 -> 44467 | C18: 150 | D18: =E18-B18 -> 150 | E18: =IF(F18<>"",Chrono!G49,B18+C18) -> 44617 | F18: =IF(Chrono!G49<>"","x","")
A19: PHASE APD | B19: =E14 -> 44437 | C19: =E19-B19 -> 60 | E19: =E21 -> 44497
A20: Rendu APD | B20: =E14 -> 44437 | C20: 30 | D20: =E20-B20 -> 30 | E20: =IF(F20<>"",Chrono!G64,B20+C20) -> 44467 | F20: =IF(Chrono!G64<>"","x","")
A21: Validation APD | B21: =E20 -> 44467 | C21: 30 | D21: =E21-B21 -> 30 | E21: =IF(F21<>"",Chrono!G68,B21+C21) -> 44497 | F21: =IF(Chrono!G68<>"","x","")
A22: FINANCEMENT LBU | B22: =B23 -> 44620 | C22: =E22-B22 -> 101 | E22: =E24 -> 44721
A23: Dépôt demande LBU | B23: =DATE(B2,2,28) -> 44620 | C23: 1 | D23: =E23-B23 -> 1 | E23: =IF(F23<>"",Chrono!G72,B23+C23) -> 44621 | F23: =IF(Chrono!G72<>"","x","")
A24: Obtention arrêté LBU | B24: =E23 -> 44621 | C24: 100 | D24: =E24-B24 -> 100 | E24: =IF(F24<>"",Chrono!G73,B24+C24) -> 44721 | F24: =IF(Chrono!G73<>"","x","")
A25: PHASE PRO | B25: =E21 -> 44497 | C25: =E25-B25 -> 60 | E25: =E27 -> 44557
A26: Rendu PRO | B26: =E21 -> 44497 | C26: 30 | D26: =E26-B26 -> 30 | E26: =IF(F26<>"",Chrono!G87,B26+C26) -> 44527 | F26: =IF(Chrono!G87<>"","x","")
A27: Validation PRO | B27: =E26 -> 44527 | C27: 30 | D27: =E27-B27 -> 30 | E27: =IF(F27<>"",Chrono!G92,B27+C27) -> 44557 | F27: =IF(Chrono!G92<>"","x","")
A28: PHASE DCE | B28: =E27 -> 44557 | C28: =E28-B28 -> 100 | E28: =E32 -> 44657
A29: Rendu DCE | B29: =E27 -> 44557 | C29: 30 | D29: =E29-B29 -> 30 | E29: =IF(F29<>"",Chrono!G97,B29+C29) -> 44587 | F29: =IF(Chrono!G97<>"","x","")
A30: Validation DCE | B30: =E29 -> 44587 | C30: 20 | D30: =E30-B30 -> 20 | E30: =IF(F30<>"",Chrono!G102,B30+C30) -> 44607 | F30: =IF(Chrono!G102<>"","x","")
A31: Lancement AO | B31: =E30 -> 44607 | C31: 15 | D31: =E31-B31 -> 15 | E31: =IF(F31<>"",Chrono!G105,B31+C31) -> 44622 | F31: =IF(Chrono!G105<>"","x","")
A32: Réception des offres | B32: =E31 -> 44622 | C32: 35 | D32: =E32-B32 -> 35 | E32: =IF(F32<>"",Chrono!G106,B32+C32) -> 44657 | F32: =IF(Chrono!G106<>"","x","")
A33: FINANCEMENT CDC | B33: =B34 -> 44657 | C33: =E33-B33 -> 105 | E33: =E36 -> 44762
A34: Dépôt demande de prêt CDC | B34: =E32 -> 44657 | C34: 35 | D34: =E34-B34 -> 35 | E34: =IF(F34<>"",Chrono!G116,B34+C34) -> 44692 | F34: =IF(Chrono!G116<>"","x","")
A35: Contrat de prêt signé | B35: =E34 -> 44692 | C35: 25 | D35: =E35-B35 -> 25 | E35: =IF(F35<>"",Chrono!G117,B35+C35) -> 44717 | F35: =IF(Chrono!G117<>"","x","")
A36: Garanties conformes | B36: =E35 -> 44717 | C36: 45 | D36: =E36-B36 -> 45 | E36: =IF(F36<>"",Chrono!G118,B36+C36) -> 44762 | F36: =IF(Chrono!G118<>"","x","")
A37: OS TRAVAUX | B37: =E36 -> 44762 | C37: 20 | D37: =E37-B37 -> 20 | E37: =IF(F37<>"",Chrono!G127,B37+C37) -> 44782 | F37: =IF(Chrono!G127<>"","x","")
A38: Date du jour | B38: =TODAY() -> 44630 | C38: ='Planning Gantt'!$B38-E38+1 -> 1 | E38: ='Planning Gantt'!$B38 -> 44630
C39: =C6+C7+C9+C10+C11+C13+C14+C16+C18+C20+C21+C23+C24+C26+C27+C29+C30+C31+C32+C34+C35+C36+C37 -> 811 | D39: =D6+D7+D9+D10+D11+D13+D14+D16+D18+D20+D21+D23+D24+D26+D27+D29+D30+D31+D32+D34+D35+D36+D37 -> 1050
C40: =TEXT(YEAR(C39),"aa") &" A " & MONTH(C39)-1& " M " & DAY(C39) & " J " -> 05 A 2 M 21 J | D40: =TEXT(YEAR(D39),"aa") &" A " & MONTH(D39)-1& " M " & DAY(D39) & " J " -> 05 A 10 M 15 J
A42: Min axe | B42: =MIN(B5:B38) -> 44013
A43: Max axe | B43: =MAX(E5:E38) -> 44782
A45: Date en rouge | B45: tâche restant à réaliser, qui n'est pas en retard
A46: Si une tâche est notée comme réalisée (colonne E cochée, formule automatique), la date en colonne D ne doit pas être rouge
A47: Si une tâche n'est pas notée comme réalisée (colonne E non cochée), mais que la date du jour est postérieure à la date mise en colonne D = tâche en retard, cellule remplie de rouge

Sheet Avancement
A2: Libellé Action | B2: N actions à réaliser | C2: Actions réalisées
A3: Etablissement du programme de Maîtrise d'Oeuvre | B3: =COUNTA(Chrono!B7:B11) -> 5 | C3: =COUNTA(Chrono!G7:G11) -> 5
A4: Esquisse | B4: =COUNTA(Chrono!B13:B22) -> 10 | C4: =COUNTA(Chrono!G13:G22) -> 10
A5: Désignation du Contrôleur technique | B5: =COUNTA(Chrono!B24:B25) -> 2 | C5: =COUNTA(Chrono!G24:G25) -> 2
A6: Désignation du BE Etude de sols | B6: =COUNTA(Chrono!B27:B30) -> 4 | C6: =COUNTA(Chrono!G27:G30) -> 4
A7: Désignation du Coordonnateur SPS | B7: =COUNTA(Chrono!B32:B33) -> 2 | C7: =COUNTA(Chrono!G32:G33) -> 2
A8: Avant Projet Sommaire | B8: =COUNTA(Chrono!B35:B43) -> 9 | C8: =COUNTA(Chrono!G35:G43) -> 5
A9: Permis de construire | B9: =COUNTA(Chrono!B45:B58) -> 14 | C9: =COUNTA(Chrono!G45:G58) -> 0
A10: Gestion des riverains | B10: =COUNTA(Chrono!B60:B61) -> 2 | C10: =COUNTA(Chrono!G60:G61) -> 0
A11: Avant Projet Détaillé | B11: =COUNTA(Chrono!B63:B69) -> 7 | C11: =COUNTA(Chrono!G63:G69) -> 0
A12: Financement LBU | B12: =COUNTA(Chrono!B71:B73) -> 3 | C12: =COUNTA(Chrono!G71:G73) -> 0
A13: Désignation du Coordinateur OPC | B13: =COUNTA(Chrono!B75:B76) -> 2 | C13: =COUNTA(Chrono!G75:G76) -> 0
A14: Sollicitation des concessionnaires après obtention PC | B14: =COUNTA(Chrono!B78:B84) -> 7 | C14: =COUNTA(Chrono!G78:G84) -> 0
A15: PRO | B15: =COUNTA(Chrono!B86:B94) -> 9 | C15: =COUNTA(Chrono!G86:G94) -> 0
A16: DCE | B16: =COUNTA(Chrono!B96:B103) -> 8 | C16: =COUNTA(Chrono!G96:G103) -> 0
A17: Consultation des entreprises | B17: =COUNTA(Chrono!B105:B113) -> 9 | C17: =COUNTA(Chrono!G105:G113) -> 0
A18: Financement CDC | B18: =COUNTA(Chrono!B115:B119) -> 5 | C18: =COUNTA(Chrono!G106:G114) -> 0
A19: Préparation de chantier et OS | B19: =COUNTA(Chrono!B121:B129) -> 9 | C19: =COUNTA(Chrono!G115:G119) -> 0
A20: Suivi de chantier | B20: =COUNTA(Chrono!B131:B157) -> 27 | C20: =COUNTA(Chrono!G131:G157) -> 0
A21: Réception | B21: =COUNTA(Chrono!B159:B171) -> 13 | C21: =COUNTA(Chrono!G159:G171) -> 0
A22: Livraison | B22: =COUNTA(Chrono!B173) -> 1 | C22: =COUNTA(Chrono!G173) -> 0
A23: Suivi administratif après livraison | B23: =COUNTA(Chrono!B175:B189) -> 15 | C23: =COUNTA(Chrono!G175:G189) -> 0
B24: =SUM(B3:B23) -> 163 | C24: =SUM(C3:C23) -> 28 | D24: =C24/B24 -> 0.17177914

Sheet Liste doc à archiver
A5: Listing des documents à archiver
A7: Nom de l'Opération | C7: =Chrono!B2 -> BAOBAB
A9: N° | B9: Domaines | C9: Durée | D9: Existant | E9: Numérisation | F9: Observations
A11: 1 | B11: OPERATIONS
A13: 32 | B13: AFFECTATION | C13: A VIE
A15: 12 | B15: ADMINISTRATIF
A16: 121 | B16: Arrêté de PC + avis | C16: A VIE | F16: 30 ans
B17: Constats huissier d'affichage PC
B18: Attestations de non recours
A19: 122 | B19: DROC | C19: A VIE | F19: 30 ans
A20: 123 | B20: DAT | C20: A VIE | F20: 30 ans
A21: 124 | B21: Conformité Mairie | C21: A VIE | F21: 30 ans
A22: 125 | B22: Attestation Conformité PMR | F22: 30 ans
A23: 126 | B23: PV visite préalable SDIS | F23: 30 ans
B24: certificat d'adressage
B25: Divers documents jugés importants | F25: 30 ans
B26: contrats abonnement concessionnaires
B27: Titre de propriété
B28: Plan topo / bornage
A30: 13 | B30: TECHNIQUE
A31: 131 | B31: Dossier PC complet | C31: A VIE | F31: 10 ans délai recours des tiers
A32: 132 | B32: Demande de financement | C32: A VIE
A33: 133 | B33: Dossier marché complet | C33: A VIE | F33: 5 ans
A34: 134 | B34: DOE | C34: A VIE
A35: 135 | B35: Marchés (AE) de tous les intervenants | C35: 30 ans | F35: A classer par entreprise
B36: Tous les avenants signés / LC + note explicative
A37: 136 | B37: PV Réception | C37: 30 ans
A38: 137 | B38: DGD | C38: 30 ans
A39: 138 | B39: PV Chantier | C39: 30 ans
A40: 139 | B40: PC et Police/Opération | C40: 30 ans
B41: Courriers/ mises en demeure | C41: 30 ans
B42: Libération de Retenue de garantie | C42: 30 ans
B43: Rapports de validation d'études (MOE/SPS/CT) | F43: A classer par intervenant
B44: Rapports d'analyse des offres
A46: 14 | B46: ASSURANCES
A47: 141 | B47: PV anti thermites | C47: 12 ans | F47: 10 + 2 ans après fin contrat
A48: 142 | B48: Rapport étude sols | C48: A vie
A49: 143 | B49: Rapports et PV contrôles | C49: 12 ans | F49: 10 + 2 ans après fin contrat
A50: 144 | B50: Polices DO et CNR | C50: 12 ans | F50: 10 + 2 ans après fin contrat
A51: 145 | B51: Attestation décénnale à la date de la DROC, de chaque intervenant | C51: 12 ans | F51: 10 + 2 ans après fin contrat
A52: 146 | B52: Déclaration définitive coût des travaux | C52: 12 ans | F52: 10 + 2 ans après fin contrat
A53: 147 | B53: Justificatif prime d'assurance | C53: 12 ans | F53: 10 + 2 ans après fin contrat
A55: 15 | B55: LIVRAISON
A56: 151 | B56: Plan cellules | C56: A VIE
A57: 152 | B57: Plan de recolement | C57: A VIE
A58: 153 | B58: Copie consuel | C58: A VIE
A59: 154 | B59: PV de livraison | C59: A VIE
A60: 155 | B60: Plan clés compteurs | C60: A VIE
A61: 156 | B61: DIUO | C61: A VIE
A62: 157 | B62: Règlement de copropriété | C62: A VIE
A64: 16 | B64: CLASSEMENT
A65: 161 | B65: Arrêtés de classement | C65: A VIE
A66: 162 | B66: Doc.graphiques | C66: A VIE
A68: 17 | B68: CONTENTIEUX | C68: A VIE
A70: 2 | B70: OPERATIONS PRLC
A71: 21 | B71: FINANCEMENT CDC
A72: 211 | B72: Décision Financement | C72: du prêt
A73: 212 | B73: Fiche programme | C73: du prêt
A74: 213 | B74: Contrat prêt CDC | C74: du prêt
A75: 214 | B75: Délibérations de garantie | C75: du prêt
A76: 215 | B76: Engagement CGLS | C76: du prêt
B78: DEFISCALISATION | C78: 30 ans
B79: Documentation juridique | C79: 30 ans
B80: Dossier demande d'agrément | C80: 30 ans
B81: Agrément provisoire | C81: 30 ans
B82: Agrément définitif | C82: 30 ans
B83: Contrat de réservation | C83: 30 ans
B84: Mandat de représentation | C84: 30 ans
B85: Contrat VEFA | C85: 30 ans
B86: Crédit bail | C86: 30 ans
A88: 22 | B88: SUBVENTION LBU
A89: 222 | B89: Arrêté de subvention | C89: du prêt
A91: 23 | B91: AUTRES SUBV.
A92: 231 | B92: Convention de financement | C92: du prêt
A94: 24 | B94: CLOTURES
A95: 241 | B95: Bilan de clôture | C95: du prêt
A98: 4 | B98: AMENAGEMENT | C98: 5 ans après la fin de la concession
A99: 41 | B99: Actes juridiques | C99: IDEM
A100: 411 | B100: Délibérations | C100: 5a après f.c.
A101: 412 | B101: Conventions | C101: 5a après f.c.
A102: 413 | B102: Bilans | C102: 5a après f.c.
A103: 414 | B103: CRAC | C103: 5a après f.c.
A105: 42 | B105: PHASES | C105: IDEM
A106: 421 | B106: Convention études | C106: 5a après f.c.
A107: 422 | B107: Délibération CM/CL | C107: 5a après f.c.
A108: 423 | B108: DUP complet | C108: 5a après f.c.
A109: 425 | B109: Loi sur l'eau | C109: 5a après f.c.
... A135: 455 | B135: Rétrocession | C135: 5a après f.c.
